 Dungeon Crawl Stone Soup version 0.32-a0-779-g362cfcae2a (webtiles) character file.

Game seed: 17936163208607558147

700 gimp the Digger (level 7, 0/46 HPs)
             Began as a Barachi Earth Elementalist on Mar 19, 2024.
             Was an Initiate of Vehumet.
             Slain by a yak (8 damage)
             ... on level 4 of the Dungeon.
             The game lasted 00:10:00 (4989 turns).

gimp the Digger (Barachi Earth Elementalist)        Turns: 4989, Time: 00:10:00

Health: 0/46       AC:  2    Str:  9    XL:     7   Next: 65%
Magic:  0/14       EV: 11    Int: 18    God:    Vehumet [......]
Gold:   175        SH:  0    Dex: 12    Spells: 12/16 levels left

rFire   + . .        a - +0 dagger (venom)
rCold   + . .        (no shield)
rNeg    . . .        l - +0 robe
rPois   .            (no helmet)
rElec   .            r - scarf {rC+ rF+}
rCorr   .            (no gloves)
SInv    .            (no boots)
Will    +....        (no amulet)
Stlth   ++           m - ring of willpower
HPRegen 0.27/turn    (no ring)
MPRegen 0.14/turn

%: no passive effects
@: unable to hop, attractive, very slightly contaminated, slow
A: amphibious, slowness 1, strong legs 1, +LOS
a: Hop, Renounce Religion


You were on level 4 of the Dungeon.
You worshipped Vehumet.
Vehumet was noncommittal.
You visited 2 branches of the dungeon, and saw 6 of its levels.

You collected 175 gold pieces.

Inventory:

Hand Weapons
 a - a +0 dagger of venom (weapon)
Missiles
 n - a throwing net
Armour
 l - a +0 robe (worn)
 r - a scarf of resistance (worn)
 u - an orb of guile
Jewellery
 m - a ring of willpower (left hand)
 p - an amulet of faith
Wands
 c - a wand of quicksilver (8)
Scrolls
 d - 3 scrolls of identify {unknown}
 h - 2 scrolls of revelation {unknown}
 i - a scroll of teleportation {unknown}
 j - 2 scrolls of amnesia {unknown}
 k - a scroll of fear {unknown}
 o - a scroll of acquirement {unknown}
Potions
 b - 2 potions of magic
 e - 2 potions of curing
 f - 2 potions of attraction
 g - 3 potions of heal wounds {unknown}
 q - a potion of enlightenment {unknown}
 s - a potion of degeneration {unknown}
 t - a potion of brilliance {unknown}


   Skills:
 - Level 2.1 Dodging
 - Level 1.7 Stealth
 + Level 5.1 Spellcasting
 - Level 5.0 Conjurations
 + Level 5.6 Earth Magic


You had 12 spell levels left.
You knew the following spells:

 Your Spells              Type           Power      Damage    Failure   Level
a - Stone Arrow           Conj/Erth      46%        3d9       4%          3
b - Sandblast             Erth           50%        2d12      1%          1

Your spell library contained the following spells:

 Spells                   Type           Power      Damage    Failure   Level
 Magic Dart               Conj           88%        1d7       1%          1
 Searing Ray              Conj           44%        2d6       2%          2
 Passwall                 Erth           25%        N/A       3%          3
 Brom's Barrelling Bould  Conj/Erth      23%        2d4       14%         4
 Petrify                  Alch/Erth      14%        N/A       38%         4
 Fulminant Prism          Conj/Alch      6%         3d7       43%         4


Dungeon Overview and Level Annotations

Branches:
Dungeon (5/15)             Temple (1/1) D:5

Altars:
Ashenzari
Cheibriados
Dithmenos
Gozag
Kikubaaqudgha
Makhleb
Okawaru
Qazlal
Sif Muna
Trog
Uskayaw
Vehumet
Wu Jian
Xom
Yredelemnul
Zin
The Shining One

Shops:
D:1 (=([

Annotations:
D:2 1 runed translucent door, exclusion: door, Crazy Yiuf
D:4 exclusion: steam dragon


Innate Abilities, Weirdness & Mutations

You are amphibious.
You cover ground slowly.
You can hop short distances.
You have an extended range of vision and can be seen from far away.


Message History

Aim: a giant cockroach (71% to hit)
The stone arrow hits the giant cockroach!
You kill the giant cockroach!
Vehumet accepts your kill.
You now have 11/14 mp.
There is an open door here.
There is an open door here.
A steam dragon comes into view.
MP restored: 14 Done exploring.
Done exploring.
You see here an orb of guile.
u - an orb of guile
There is a stone staircase leading down here.
You climb downwards.
The white imp hits you. The white imp freezes you. You resist.
Found a scroll labelled ITRASIOVIC.
There is a stone staircase leading up here.
You take 3 damage, and have 43/46 hp.
The white imp gestures at you. The puff of frost hits you. You resist.
The yak gores you.
You climb upwards.
Level annotation: exclusion: steam dragon
There is a stone staircase leading down here.
You take 4 damage, and have 39/46 hp.
Casting: Stone Arrow (dangerous; 4% risk of failure)
Confirm with . or Enter, or press ? or * to list all spells.
Okay, then.
Hop to where?
Press: ? - help, Dir - move target Boing!
Casting: Stone Arrow (dangerous; 4% risk of failure)
Confirm with . or Enter, or press ? or * to list all spells.
Aiming: Stone Arrow (dangerous; 4% risk of failure)
Press: ? - help, Shift-Dir - straight line, f - white imp
Aim: a white imp (71% to hit)
The stone arrow hits the white imp!
The white imp is severely wounded.
The white imp gestures at you. The puff of frost hits you. You resist.
You take 4 damage, and have 36/46 hp.
You now have 11/14 mp.
Casting: Stone Arrow (dangerous; 4% risk of failure)
Confirm with . or Enter, or press ? or * to list all spells.
Aiming: Stone Arrow (dangerous; 4% risk of failure)
Press: ? - help, Shift-Dir - straight line, f/p - white imp
Aim: a white imp (severely wounded, 71% to hit)
The stone arrow hits the white imp!
You kill the white imp!
Vehumet accepts your kill.
You now have 8/14 mp.
Casting: Stone Arrow (dangerous; 4% risk of failure)
Confirm with . or Enter, or press ? or * to list all spells.
Aiming: Stone Arrow (dangerous; 4% risk of failure)
Press: ? - help, Shift-Dir - straight line, f - yak
Aim: a yak (83% to hit)
You miscast Stone Arrow.
You are very lightly contaminated with residual magic.
Nothing appears to happen.
You now have 5/14 mp.
Casting: Stone Arrow (dangerous; 4% risk of failure)
Confirm with . or Enter, or press ? or * to list all spells.
Aiming: Stone Arrow (dangerous; 4% risk of failure)
Press: ? - help, Shift-Dir - straight line, f/p - yak
Aim: a yak (83% to hit)
The stone arrow hits the yak!
The yak is moderately wounded.
You now have 2/14 mp.
Casting: Stone Arrow (dangerous; 4% risk of failure)
Confirm with . or Enter, or press ? or * to list all spells.
You don't have enough magic to cast this spell.
You barely miss the yak.
The yak is moderately wounded.
The yak gores you!
You take 16 damage, and have 21/46 hp.
MASSIVE DAMAGE!!
You hit the yak.
The yak is poisoned.
The yak is moderately wounded.
The yak closely misses you.
You hit the yak but do no damage.
The yak looks even sicker.
The yak is moderately wounded.
The yak gores you!
You take 7 damage, and have 14/46 hp.
Casting: Stone Arrow (dangerous; 4% risk of failure)
Confirm with . or Enter, or press ? or * to list all spells.
Aiming: Stone Arrow (dangerous; 4% risk of failure)
Press: ? - help, Shift-Dir - straight line, f/p - yak
Aim: a yak (moderately wounded, very poisoned, 83% to hit)
The stone arrow hits the yak!
The yak is heavily wounded.
The yak gores you.
* * * LOW HITPOINT WARNING * * *
You take 5 damage, and have 9/46 hp.
You now have 0/14 mp.
It was a potion of curing.
You feel better. The yak barely misses you.
You regained 7 hp, and now have 16/46 hp.
It was a potion of attraction.
You feel attractive to monsters. The yak gores you!
* * * LOW HITPOINT WARNING * * *
You take 15 damage, and have 1/46 hp.
MASSIVE DAMAGE!!
You feel better. The yak gores you!
You die...

#.### ## #...# .# #.#.# .#
###.#.##### .# #.........#
.# #.#.#.###.# .#
#.#.....#.#
.#################.#.#.#.#.#
................@Y.....>.#.#
.######......#####.#.#...#.#
......'......##....#.#...#.#
......#......##.#..#.#..##.#
......+..)...##.#..#.......#
###'###......##.#..###..####
#...+......##.#.......#
#######......##....###..#
.....#<......##..#####..#


You could see a yak (very poisoned).

Vanquished Creatures
  Sigmund (D:3)
  An ogre (D:4)
  A bullfrog (D:5)
  2 hounds
  A gnoll bouda (D:5)
  A sleepcap (D:4)
  Ijyb (D:3)
  An iguana (D:4)
  9 gnolls
  6 adders
  A white imp (D:4)
  4 dart slugs
  A ribbon worm (D:4)
  An orc (D:3)
  A bat (D:3)
  4 endoplasms
  4 giant cockroaches
  7 goblins
  9 hobgoblins
  3 jackals (D:3)
  A quokka (D:3)
  9 ball pythons
  2 frilled lizards
  6 kobolds
  5 rats
82 creatures vanquished.

Notes
Turn   | Place    | Note
-------+----------+-------------------------------------------
     0 | D:1      | gimp the Barachi Earth Elementalist began the quest for the
                  | Orb.
     0 | D:1      | Reached XP level 1. HP: 13/13 MP: 3/3
    44 | D:1      | Found Tevuth's Antique Weapon Shoppe.
   133 | D:1      | Found Lokleis's Weapon Boutique.
   197 | D:1      | Reached XP level 2. HP: 19/19 MP: 0/5
   458 | D:1      | Reached XP level 3. HP: 24/24 MP: 1/6
   462 | D:1      | Learned a level 3 spell: Stone Arrow
   682 | D:1      | Found Moseamyxey's Armour Emporium.
   688 | D:1      | Found Ibraaf's Jewellery Emporium.
   963 | D:2      | Found a faded altar of an unknown god.
  1076 | D:2      | Reached XP level 4. HP: 30/30 MP: 5/8
  1696 | D:2      | Found a runed translucent door.
  1697 | D:2      | Noticed Crazy Yiuf
  2036 | D:3      | Noticed Sigmund
  2178 | D:3      | Found an iron altar of Okawaru.
  2315 | D:3      | You fall into a shaft and drop 2 floors!
  2315 | D:5      | Entered Level 5 of the Dungeon
  2343 | D:5      | Found a staircase to the Ecumenical Temple.
  2353 | Temple   | Entered the Ecumenical Temple
  2368 | Temple   | Became a worshipper of Vehumet
  2398 | D:5      | Noticed a bullfrog
  2398 | D:5      | Noticed a yak
  2403 | D:5      | Killed a bullfrog
  2404 | D:5      | Reached XP level 5. HP: 35/35 MP: 6/10
  2447 | D:5      | Reached XP level 6. HP: 32/41 MP: 5/11
  2486 | D:5      | Found a snail-covered altar of Cheibriados.
  3011 | D:3      | Reached skill level 5 in Conjurations
  3357 | D:3      | Noticed Ijyb
  3366 | D:3      | Killed Ijyb
  3855 | D:3      | Killed Sigmund
  3856 | D:3      | Reached skill level 5 in Earth Magic
  3856 | D:3      | Reached XP level 7. HP: 33/46 MP: 5/13
  4034 | D:4      | Reached skill level 5 in Spellcasting
  4479 | D:4      | Found a shadowy altar of Dithmenos.
  4863 | D:4      | Noticed a steam dragon
  4973 | D:5      | Noticed a yak
  4988 | D:4      | HP: 1/46 [yak (16)]
  4989 | D:4      | Slain by a yak

Illustrated notes

Levels and vault maps discovered:
D:1:      saegor_arrival_fortress, layout_rooms, serial_shops, shop, shop,
          nicolae_shop_gaudy_bauble, shop
D:2:      layout_basic, shapermc_ecumenical_altar_pompeii,
          nicolae_grassy_gnolls, uniq_crazy_yiuf_cottage
D:3:      layout_basic, okawaru_ov_weapons_minmay, serial_aquarium,
          aquarium_bridge_square [aquarium_subvault_bridge,
          aquarium_subvault_window, aquarium_subvault_wall,
          aquarium_subvault_wall], aquarium_window_fake, aquarium_window_fake,
          aquarium_window_fake, aquarium_window_fake, aquarium_view_2c,
          aquarium_view_2a, aquarium_balcony_3b, uniq_sigmund, uniq_ijyb
D:4:      layout_basic, nicolae_dithmenos_shadow_blocks
D:5:      layout_rooms, mainiacjoe_overflow_catwalk,
          mainiacjoe_overflow_cross_hatched, minmay_temple_entry_antechambers
Temple:   eino_narrow_crystal_temple

Skill      XL: |  1  2  3  4  5  6  7 |
---------------+----------------------+-----
Conjurations   | 2 3 4 5 |  5.0
Spellcasting   | 3 4 5 |  5.1
Earth Magic    | 4 5 |  5.6
Dodging        | |  2.1
Stealth        | |  1.7

Action                     |  1- 3 |  4- 6 |  7- 9 || total
---------------------------+-------+-------+-------++-------
  Melee: Dagger            |     1 |       |     3 ||     4
   Cast: Sandblast         |    42 |    55 |     4 ||   101
         Stone Arrow       |       |    17 |    17 ||    34
Ability: Hop               |     1 |     1 |     1 ||     3
    Use: Potion            |       |     1 |     3 ||     4
 Armour: Robe              |    12 |    23 |    11 ||    46
  Dodge: Dodged            |     9 |    20 |     2 ||    31

Table legend: (Time is in decaauts)
 A = Elapsed time spent in this place.
 B = Non-inter-level travel time spent in this place.
 C = Inter-level travel time spent in this place.
 D = Time resting spent in this place.
 E = Time spent auto-exploring this place.
 F = Levels seen in this place.
 G = Mean time per level.
                   A        B        C        D        E       F      G
               +--------+--------+--------+--------+--------+-----+--------+
         Total |   5677 |   5427 |    250 |    107 |   4377 |   6 |  946.2 |
       Dungeon |   5641 |   5424 |    217 |    107 |   4377 |   5 | 1128.2 |
        Temple |     36 |      3 |     33 |      0 |      0 |   1 |   36.0 |
               +--------+--------+--------+--------+--------+-----+--------+

Top non-repeatable levels by time:
     D:3: 1664 daAuts
     D:2: 1229 daAuts
     D:4: 1205 daAuts
     D:1: 1061 daAuts
     D:5: 480 daAuts
  Temple: 36 daAuts
